| TOP OF THE 1ST |
|
Butte Copper Kings batting - Pitching for Bozeman Pheasants : RHP Tim Dodd
|
|
Pitching: RHP Tim Dodd
|
|
|
Batting: LHB Larry Jackson
|
0-0: Foul Ball, location: 2F 0-1: Ball 1-1: Ball 2-1: Reached on error, E4 (Groundball, 4, EV 85.0 MPH)
|
|
Batting: RHB Jere Longenecker
|
0-0: Ball 1-0: Called Strike Larry Jackson steals 2nd base 1-1: Foul Ball, location: 2F 1-2: Strikes out looking
|
|
Batting: RHB Kevin Sliwinski
|
0-0: Ball 1-0: Ground out 4-3 (Groundball, 4, EV 81.9 MPH) Larry Jackson to third
|
|
Batting: RHB William Allen
|
0-0: Ball 1-0: Called Strike 1-1: Foul Ball, location: 2F 1-2: Strikes out swinging
|
| Top of the 1st over - 0 runs, 0 hits, 1 error, 1 left on base; Butte 0 - Bozeman 0 |
| BOTTOM OF THE 1ST |
|
Bozeman Pheasants batting - Pitching for Butte Copper Kings : LHP John McAnally
|
|
Pitching: LHP John McAnally
|
|
|
Batting: RHB Willie Picchioni
|
0-0: Ball 1-0: Ball 2-0: Foul Ball, location: 2F 2-1: Called Strike 2-2: Ball 3-2: Base on Balls
|
|
Batting: RHB John Duncan
|
0-0: Ball 1-0: Foul Ball, location: 2F 1-1: Ball 2-1: SINGLE (Flyball, 4D, EV 90.6 MPH) Willie Picchioni to second
|
|
Batting: LHB Billy Jo Robidoux
|
0-0: Ball Willie Picchioni steals 3rd base John Duncan to second 1-0: Fly out, F9 (Flyball, 8RS, EV 95.6 MPH)
|
|
Batting: SHB Marlin Methven
|
0-0: Called Strike 0-1: Ball 1-1: Ball 2-1: Foul Ball, location: 2F 2-2: SINGLE (Groundball, 4MS, EV 60.6 MPH) (infield hit) Willie Picchioni scores John Duncan to third
|
|
Batting: LHB Steve Padia
|
0-0: Ball 1-0: Ball 2-0: Ground out U3 (Groundball, 23, EV 93.8 MPH) John Duncan scores Marlin Methven to second
|
|
Batting: LHB Russ Orrick
|
0-0: Ball 1-0: Swinging Strike 1-1: Foul Ball, location: 2F 1-2: Foul Ball, location: 2F 1-2: Ground out 6-3 (Groundball, 56, EV 97.5 MPH)
|
| Bottom of the 1st over - 2 runs, 2 hits, 0 errors, 1 left on base; Butte 0 - Bozeman 2 |
| TOP OF THE 2ND |
|
Butte Copper Kings batting - Pitching for Bozeman Pheasants : RHP Tim Dodd
|
|
Batting: SHB Pat Bone
|
0-0: Foul Ball, location: 2F 0-1: Foul Ball, location: 2F 0-2: Ball 1-2: Ball 2-2: Ball 3-2: Foul Ball, location: 2F 3-2: Base on Balls
|
|
Batting: RHB Mark Blaser
|
0-0: Ball 1-0: Called Strike 1-1: Foul Ball, location: 2F 1-2: Ball 2-2: Foul Ball, location: 2F 2-2: Ball 3-2: Foul Ball, location: 2F 3-2: Foul Ball, location: 2F 3-2: Strikes out swinging
|
|
Batting: RHB Keith Komeiji
|
0-0: Called Strike 0-1: Ball 1-1: Called Strike 1-2: Ball Pat Bone steals 2nd base (no throw) 2-2: Strikes out swinging
|
|
Batting: RHB Ray Thoma
|
0-0: Ball 1-0: Foul Ball, location: 2F 1-1: Foul Ball, location: 2F 1-2: Ball 2-2: Fly out, F3 (Popup, 3SF, EV 80.0 MPH)
|
| Top of the 2nd over - 0 runs, 0 hits, 0 errors, 1 left on base; Butte 0 - Bozeman 2 |
| BOTTOM OF THE 2ND |
|
Bozeman Pheasants batting - Pitching for Butte Copper Kings : LHP John McAnally
|
|
Batting: RHB Tom Duggan
|
0-0: Foul Ball, location: 2F 0-1: Ground out 4-3 (Groundball, 4, EV 78.8 MPH)
|
|
Batting: LHB Billy Fink
|
0-0: Ball 1-0: Ball 2-0: Called Strike 2-1: Ball 3-1: Base on Balls
|
|
Batting: RHB Greg Toler
|
0-0: Ball 1-0: Ball 2-0: Foul Ball, location: 2F 2-1: Grounds into double play, 6-4-3 (Groundball, 6, EV 86.9 MPH)
|
| Bottom of the 2nd over - 0 runs, 0 hits, 0 errors, 0 left on base; Butte 0 - Bozeman 2 |
| TOP OF THE 3RD |
|
Butte Copper Kings batting - Pitching for Bozeman Pheasants : RHP Tim Dodd
|
|
Batting: RHB Jose Escobar
|
0-0: Swinging Strike 0-1: Ball 1-1: Foul Ball, location: 2F 1-2: Strikes out swinging
|
|
Batting: LHB Larry Jackson
|
0-0: Ball 1-0: Ball 2-0: Ball 3-0: Called Strike 3-1: Foul Ball, location: 2F 3-2: Foul Ball, location: 2F 3-2: Base on Balls
|
|
Batting: RHB Jere Longenecker
|
0-0: Called Strike Larry Jackson steals 2nd base 0-1: Foul Ball, location: 2F 0-2: Ball 1-2: Foul Ball, location: 2F 1-2: Ground out 4-3 (Groundball, 4D, EV 110.0 MPH) Larry Jackson to third
|
|
Batting: RHB Kevin Sliwinski
|
0-0: SINGLE (Groundball, 56D, EV 98.8 MPH) Larry Jackson scores
|
|
Batting: RHB William Allen
|
0-0: Called Strike 0-1: Ball 1-1: Ball 2-1: Swinging Strike 2-2: Fielders Choice at 2nd, U4 (Groundball, 4M, EV 98.8 MPH)
|
| Top of the 3rd over - 1 run, 1 hit, 0 errors, 1 left on base; Butte 1 - Bozeman 2 |
| BOTTOM OF THE 3RD |
|
Bozeman Pheasants batting - Pitching for Butte Copper Kings : LHP John McAnally
|
|
Batting: RHB Willie Picchioni
|
0-0: Ball 1-0: Called Strike 1-1: Foul Ball, location: 2F 1-2: Ball 2-2: Ball 3-2: Fly out, F9 (Flyball, 89D, EV 83.8 MPH)
|
|
Batting: RHB John Duncan
|
0-0: Ball 1-0: Ball 2-0: Fly out, F8 (Line Drive, 8RD, EV 88.8 MPH)
|
|
Batting: LHB Billy Jo Robidoux
|
0-0: Fly out, F6 (Flyball, 4MD, EV 78.8 MPH)
|
| Bottom of the 3rd over - 0 runs, 0 hits, 0 errors, 0 left on base; Butte 1 - Bozeman 2 |
| TOP OF THE 4TH |
|
Butte Copper Kings batting - Pitching for Bozeman Pheasants : RHP Tim Dodd
|
|
Batting: SHB Pat Bone
|
0-0: Foul Ball, location: 2F 0-1: Foul Ball, location: 2F 0-2: Strikes out swinging
|
|
Batting: RHB Mark Blaser
|
0-0: Ball 1-0: Ball 2-0: Called Strike 2-1: Ball 3-1: Base on Balls
|
|
Batting: RHB Keith Komeiji
|
0-0: Ball 1-0: Called Strike 1-1: Foul Ball, location: 2F 1-2: Foul Ball, location: 2F 1-2: Ball 2-2: Ball 3-2: Base on Balls Mark Blaser to second
|
|
Batting: RHB Ray Thoma
|
0-0: Ball 1-0: Foul Ball, location: 2F 1-1: Ball 2-1: Called Strike 2-2: Fielders Choice at 2nd, 6-4 (Groundball, 6, EV 104.4 MPH) Mark Blaser to third
|
|
Batting: RHB Jose Escobar
|
0-0: Called Strike 0-1: Ball 1-1: Called Strike 1-2: Ball Ray Thoma is caught stealing 2nd base 2-4
|
| Top of the 4th over - 0 runs, 0 hits, 0 errors, 1 left on base; Butte 1 - Bozeman 2 |
| BOTTOM OF THE 4TH |
|
Bozeman Pheasants batting - Pitching for Butte Copper Kings : LHP John McAnally
|
|
Batting: SHB Marlin Methven
|
0-0: Ball 1-0: Called Strike 1-1: Ball 2-1: Foul Ball, location: 2F 2-2: Foul Ball, location: 2F 2-2: SINGLE (Groundball, 5S, EV 69.4 MPH) (infield hit)
|
|
Batting: LHB Steve Padia
|
0-0: Ball 1-0: Foul Ball, location: 2F 1-1: Ball 2-1: Foul Ball, location: 2F 2-2: Ball 3-2: Fielders Choice at 2nd, 4-6 (Groundball, 34, EV 80.0 MPH)
|
|
Batting: LHB Russ Orrick
|
0-0: Called Strike 0-1: Ball 1-1: Foul Ball, location: 2F 1-2: Ball 2-2: Ball 3-2: Base on Balls Steve Padia to second
|
|
Batting: RHB Tom Duggan
|
0-0: Ball 1-0: Foul Ball, location: 2F 1-1: Foul Ball, location: 2F 1-2: Foul Ball, location: 2F 1-2: Foul Ball, location: 2F 1-2: Ball 2-2: Strikes out swinging
|
|
Batting: LHB Billy Fink
|
0-0: Ball 1-0: Fly out, F8 (Line Drive, 8RM, EV 105.6 MPH)
|
| Bottom of the 4th over - 0 runs, 1 hit, 0 errors, 2 left on base; Butte 1 - Bozeman 2 |
| TOP OF THE 5TH |
|
Butte Copper Kings batting - Pitching for Bozeman Pheasants : RHP Tim Dodd
|
|
Batting: RHB Jose Escobar
|
0-0: Ball 1-0: Called Strike 1-1: Called Strike 1-2: Ground out 5-3 (Groundball, 5, EV 100.0 MPH)
|
|
Batting: LHB Larry Jackson
|
0-0: Called Strike 0-1: Called Strike 0-2: Foul Ball, location: 2F 0-2: Ball 1-2: Ball 2-2: Foul Ball, location: 2F 2-2: Ball 3-2: Foul Ball, location: 2F 3-2: Base on Balls
|
|
Batting: RHB Jere Longenecker
|
0-0: Ball 1-0: Ball 2-0: Foul Ball, location: 2F 2-1: Ball 3-1: Fly out, F9 (Flyball, 89M, EV 78.1 MPH)
|
|
Batting: RHB Kevin Sliwinski
|
0-0: Ball 1-0: Ball 2-0: Called Strike 2-1: Ground out 4-3 (Groundball, 34, EV 104.4 MPH)
|
| Top of the 5th over - 0 runs, 0 hits, 0 errors, 1 left on base; Butte 1 - Bozeman 2 |
| BOTTOM OF THE 5TH |
|
Bozeman Pheasants batting - Pitching for Butte Copper Kings : LHP John McAnally
|
|
Batting: RHB Greg Toler
|
0-0: Called Strike 0-1: Fly out, F5 (Popup, 25F, EV 86.3 MPH)
|
|
Batting: RHB Willie Picchioni
|
0-0: Called Strike 0-1: Swinging Strike 0-2: Ball 1-2: Fly out, F8 (Flyball, 8LS, EV 88.8 MPH)
|
|
Batting: RHB John Duncan
|
0-0: Ball 1-0: Foul Ball, location: 2F 1-1: Ball 2-1: SINGLE (Line Drive, 8RS, EV 90.6 MPH)
|
|
Batting: LHB Billy Jo Robidoux
|
0-0: Ball 1-0: Ball John Duncan is caught stealing 2nd base 2-6
|
| Bottom of the 5th over - 0 runs, 1 hit, 0 errors, 0 left on base; Butte 1 - Bozeman 2 |
| TOP OF THE 6TH |
|
Butte Copper Kings batting - Pitching for Bozeman Pheasants : RHP Tim Dodd
|
|
Batting: RHB William Allen
|
0-0: Ground out 5-3 (Groundball, 56, EV 105.6 MPH)
|
|
Batting: SHB Pat Bone
|
0-0: Called Strike 0-1: Ball 1-1: Swinging Strike 1-2: SOLO HOME RUN (Flyball, 9D, EV 93.8 MPH), Distance : 392 ft
|
|
Batting: RHB Mark Blaser
|
0-0: Ball 1-0: Ball 2-0: Ball 3-0: Called Strike 3-1: Called Strike 3-2: Base on Balls
|
|
Batting: RHB Keith Komeiji
|
0-0: Ball 1-0: Ball 2-0: Foul Ball, location: 2F 2-1: Foul Ball, location: 2F 2-2: Foul Ball, location: 2F 2-2: Strikes out swinging
|
|
Batting: RHB Ray Thoma
|
0-0: Ball 1-0: Ball 2-0: Called Strike 2-1: Called Strike 2-2: Foul Ball, location: 2F 2-2: Foul Ball, location: 2F 2-2: Strikes out swinging
|
| Top of the 6th over - 1 run, 1 hit, 0 errors, 1 left on base; Butte 2 - Bozeman 2 |
| BOTTOM OF THE 6TH |
|
Bozeman Pheasants batting - Pitching for Butte Copper Kings : LHP John McAnally
|
|
Pitching: RHP Kevin Quirk
|
|
|
Batting: LHB Billy Jo Robidoux
|
0-0: Called Strike 0-1: Foul Ball, location: 2F 0-2: Ball 1-2: Ball 2-2: Ball 3-2: Base on Balls
|
|
Batting: SHB Marlin Methven
|
0-0: Called Strike 0-1: Swinging Strike 0-2: Ball 1-2: Foul Ball, location: 2F 1-2: Foul Ball, location: 2F 1-2: Fly out, F9 (Line Drive, 9, EV 90.6 MPH)
|
|
Batting: LHB Steve Padia
|
0-0: Called Strike 0-1: Fly out, F4 (Popup, 4M, EV 73.8 MPH)
|
|
Batting: LHB Russ Orrick
|
0-0: Ball 1-0: Called Strike 1-1: Called Strike 1-2: Ball 2-2: Foul Ball, location: 2F 2-2: Ball 3-2: Base on Balls Billy Jo Robidoux to second
|
|
Pitching: LHP Kenneth Stelly
|
|
|
Batting: RHB Tom Duggan
|
0-0: Ball 1-0: Called Strike 1-1: Ball 2-1: Swinging Strike 2-2: Foul Ball, location: 2F 2-2: Foul Ball, location: 2F 2-2: Ground out 4-3 (Groundball, 4, EV 91.3 MPH)
|
| Bottom of the 6th over - 0 runs, 0 hits, 0 errors, 2 left on base; Butte 2 - Bozeman 2 |
| TOP OF THE 7TH |
|
Butte Copper Kings batting - Pitching for Bozeman Pheasants : RHP Tim Dodd
|
|
Batting: RHB Jose Escobar
|
0-0: Swinging Strike 0-1: Ground out 6-3 (Groundball, 6, EV 78.8 MPH)
|
|
Batting: LHB Larry Jackson
|
0-0: Called Strike 0-1: Called Strike 0-2: Ball 1-2: Foul Ball, location: 2F 1-2: Ball 2-2: Foul Ball, location: 2F 2-2: Foul Ball, location: 2F 2-2: Foul Ball, location: 2F 2-2: Fly out, F9 (Flyball, 9, EV 86.3 MPH)
|
|
Batting: RHB Jere Longenecker
|
0-0: Foul Ball, location: 2F 0-1: Ball 1-1: Swinging Strike 1-2: Ground out 3-1 (Groundball, 34S, EV 85.0 MPH)
|
| Top of the 7th over - 0 runs, 0 hits, 0 errors, 0 left on base; Butte 2 - Bozeman 2 |
| BOTTOM OF THE 7TH |
|
Bozeman Pheasants batting - Pitching for Butte Copper Kings : LHP Kenneth Stelly
|
|
Batting: LHB Billy Fink
|
0-0: Ball 1-0: Swinging Strike 1-1: Foul Ball, location: 2F 1-2: Fly out, F3 (Popup, 3L, EV 66.9 MPH)
|
|
Batting: RHB Greg Toler
|
0-0: SINGLE (Flyball, 3D, EV 95.0 MPH)
|
|
Batting: RHB Willie Picchioni
|
0-0: Ball 1-0: Swinging Strike 1-1: Fly out, F7 (Flyball, 7D, EV 102.5 MPH)
|
|
Batting: RHB John Duncan
|
0-0: Ball 1-0: Ball 2-0: Foul Ball, location: 2F 2-1: Called Strike 2-2: Fly out, F8 (Line Drive, 8LM, EV 103.1 MPH)
|
| Bottom of the 7th over - 0 runs, 1 hit, 0 errors, 1 left on base; Butte 2 - Bozeman 2 |
| TOP OF THE 8TH |
|
Butte Copper Kings batting - Pitching for Bozeman Pheasants : RHP Tim Dodd
|
|
Batting: RHB Kevin Sliwinski
|
0-0: Ball 1-0: Ball 2-0: Called Strike 2-1: Foul Ball, location: 2F 2-2: Ball 3-2: Fly out, F8 (Flyball, 78M, EV 82.5 MPH)
|
|
Pitching: RHP Dennis Howard
|
|
|
Batting: RHB William Allen
|
0-0: Ground out 1-3 (Groundball, 34S, EV 68.8 MPH)
|
|
Batting: SHB Pat Bone
|
0-0: Ball 1-0: Ground out 5-3 (Groundball, 5L, EV 84.4 MPH)
|
| Top of the 8th over - 0 runs, 0 hits, 0 errors, 0 left on base; Butte 2 - Bozeman 2 |
| BOTTOM OF THE 8TH |
|
Bozeman Pheasants batting - Pitching for Butte Copper Kings : LHP Kenneth Stelly
|
|
Pitching: RHP Alec McCullock
|
|
|
Batting: LHB Billy Jo Robidoux
|
0-0: Called Strike 0-1: SINGLE (Groundball, 4MD, EV 105.6 MPH)
|
|
Batting: SHB Marlin Methven
|
0-0: Ball 1-0: Ball 2-0: Foul Ball, location: 2F 2-1: Foul Ball, location: 2F 2-2: Ball 3-2: Foul Ball, location: 2F 3-2: Fly out, F8 (Flyball, 78XD, EV 102.5 MPH)
|
|
Batting: LHB Steve Padia
|
0-0: Called Strike 0-1: Grounds into double play, 4-6-3 (Groundball, 4, EV 88.1 MPH)
|
| Bottom of the 8th over - 0 runs, 1 hit, 0 errors, 0 left on base; Butte 2 - Bozeman 2 |
| TOP OF THE 9TH |
|
Butte Copper Kings batting - Pitching for Bozeman Pheasants : RHP Dennis Howard
|
|
Pinch Hitting: LHB Michael Kane
|
0-0: Ball 1-0: Ball 2-0: Ground out 6-3 (Groundball, 6, EV 87.5 MPH)
|
|
Pinch Hitting: LHB David Dillard
|
0-0: Ball 1-0: Ball 2-0: Ball 3-0: Called Strike 3-1: Foul Ball, location: 2F 3-2: Base on Balls
|
|
Pinch Hitting: RHB John Roth
|
0-0: Ball 1-0: Called Strike 1-1: Foul Ball, location: 2F 1-2: Foul Ball, location: 2F 1-2: Fly out, F9 (Flyball, 89D, EV 101.9 MPH)
|
|
Pinch Hitting: LHB Jeff Williams
|
0-0: Ball 1-0: Ball 2-0: Ball 3-0: Called Strike 3-1: Called Strike 3-2: SINGLE (Groundball, 4MD, EV 110.0 MPH) David Dillard to second David Dillard to third
|
|
Batting: LHB Larry Jackson
|
0-0: Ball 1-0: Swinging Strike 1-1: Ball 2-1: Fly out, F9 (Flyball, 9, EV 81.9 MPH)
|
| Top of the 9th over - 0 runs, 1 hit, 0 errors, 2 left on base; Butte 2 - Bozeman 2 |
| BOTTOM OF THE 9TH |
|
Bozeman Pheasants batting - Pitching for Butte Copper Kings : RHP Alec McCullock
|
|
Pitching: RHP Tony Ghelfi
|
|
|
Now at C: Dan Gasparino
|
|
|
Now at 2B: Steven Smith
|
|
|
Now at 3B: Michael Kane
|
|
|
Now at SS: Juan Alvarez
|
|
|
Batting: LHB Russ Orrick
|
0-0: Fly out, F7 (Flyball, 78S, EV 90.6 MPH)
|
|
Pinch Hitting: LHB Ronald Kelly
|
0-0: Ball 1-0: Called Strike 1-1: Swinging Strike 1-2: Ball 2-2: Ball 3-2: Strikes out swinging
|
|
Batting: LHB Billy Fink
|
0-0: Called Strike 0-1: Swinging Strike 0-2: Ball 1-2: Ball 2-2: Strikes out looking
|
| Bottom of the 9th over - 0 runs, 0 hits, 0 errors, 0 left on base; Butte 2 - Bozeman 2 |
| TOP OF THE 10TH |
|
Butte Copper Kings batting - Pitching for Bozeman Pheasants : RHP Dennis Howard
|
|
Now at SS: Eduard Rodriguez
|
|
|
Batting: RHB Jere Longenecker
|
0-0: Called Strike 0-1: Ball 1-1: Ball 2-1: Foul Ball, location: 2F 2-2: Foul Ball, location: 2F 2-2: Fly out, F6 (Popup, 6, EV 56.3 MPH)
|
|
Batting: RHB Kevin Sliwinski
|
0-0: Ball 1-0: Ball 2-0: Called Strike 2-1: Ground out 4-3 (Groundball, 4, EV 101.3 MPH)
|
|
Batting: RHB William Allen
|
0-0: Called Strike 0-1: Fly out, F7 (Line Drive, 7, EV 89.4 MPH)
|
| Top of the 10th over - 0 runs, 0 hits, 0 errors, 0 left on base; Butte 2 - Bozeman 2 |
| BOTTOM OF THE 10TH |
|
Bozeman Pheasants batting - Pitching for Butte Copper Kings : RHP Tony Ghelfi
|
|
Pinch Hitting: LHB David Nix
|
0-0: Ball 1-0: Foul Ball, location: 2F 1-1: Ground out 6-3 (Groundball, 56, EV 90.6 MPH)
|
|
Batting: RHB Willie Picchioni
|
0-0: Ball 1-0: Ball 2-0: Called Strike 2-1: Ground out 6-3 (Groundball, 6, EV 84.4 MPH)
|
|
Pinch Hitting: LHB Edgar Castro
|
0-0: Ball 1-0: Foul Ball, location: 2F 1-1: Ball 2-1: Ball 3-1: Base on Balls
|
|
Batting: LHB Billy Jo Robidoux
|
0-0: Ball 1-0: Ball 2-0: Ball 3-0: Base on Balls Edgar Castro to second
|
|
Batting: SHB Marlin Methven
|
0-0: Called Strike 0-1: Ground out 5-3 (Groundball, 56S, EV 93.1 MPH)
|
| Bottom of the 10th over - 0 runs, 0 hits, 0 errors, 2 left on base; Butte 2 - Bozeman 2 |
| TOP OF THE 11TH |
|
Butte Copper Kings batting - Pitching for Bozeman Pheasants : RHP Dennis Howard
|
|
Now at C: Kenneth Merritt
|
|
|
Now at 3B: David Nix
|
|
|
Batting: SHB Pat Bone
|
0-0: Ball 1-0: Ball 2-0: Ball 3-0: Called Strike 3-1: Called Strike 3-2: Foul Ball, location: 2F 3-2: Base on Balls
|
|
Batting: LHB Michael Kane
|
0-0: Fly out, F7 (Line Drive, 7, EV 101.3 MPH)
|
|
Pinch Hitting: LHB Jack Foley
|
0-0: Ball 1-0: Called Strike 1-1: Fly out, F8 (Flyball, 8RXD, EV 104.4 MPH)
|
|
Pinch Hitting: RHB Robert McManus
|
0-0: Ball 1-0: Called Strike 1-1: Ball 2-1: Ball 3-1: Swinging Strike 3-2: Fly out, F9 (Flyball, 9, EV 83.1 MPH)
|
| Top of the 11th over - 0 runs, 0 hits, 0 errors, 1 left on base; Butte 2 - Bozeman 2 |
| BOTTOM OF THE 11TH |
|
Bozeman Pheasants batting - Pitching for Butte Copper Kings : RHP Tony Ghelfi
|
|
Now at C: David Heath
|
|
|
Now at 1B: Jack Foley
|
|
|
Batting: LHB Steve Padia
|
0-0: Ball 1-0: Called Strike 1-1: Ball 2-1: Fly out, F6 (Line Drive, 6, EV 68.1 MPH)
|
|
Batting: LHB Russ Orrick
|
0-0: Ball 1-0: Called Strike 1-1: Ground out 4-3 (Groundball, 4M, EV 89.4 MPH)
|
|
Pinch Hitting: RHB Thomas Fettig
|
0-0: Ball 1-0: Ball 2-0: Foul Ball, location: 2F 2-1: Ground out 6-3 (Groundball, 6S, EV 92.5 MPH)
|
| Bottom of the 11th over - 0 runs, 0 hits, 0 errors, 0 left on base; Butte 2 - Bozeman 2 |
| TOP OF THE 12TH |
|
Butte Copper Kings batting - Pitching for Bozeman Pheasants : RHP Dennis Howard
|
|
Now at SS: James Davis
|
|
|
Pinch Hitting: RHB Robert Ferro
|
0-0: Ground out 5-3 (Groundball, 56S, EV 81.9 MPH)
|
|
Batting: LHB Larry Jackson
|
0-0: Called Strike 0-1: Called Strike 0-2: Foul Ball, location: 2F 0-2: Strikes out looking
|
|
Batting: RHB Jere Longenecker
|
0-0: Foul Ball, location: 2F 0-1: Ball 1-1: Foul Ball, location: 2F 1-2: Ground out 5-3 (Groundball, 5, EV 82.5 MPH)
|
| Top of the 12th over - 0 runs, 0 hits, 0 errors, 0 left on base; Butte 2 - Bozeman 2 |
| BOTTOM OF THE 12TH |
|
Bozeman Pheasants batting - Pitching for Butte Copper Kings : RHP Tony Ghelfi
|
|
Now at SS: Robert Ferro
|
|
|
Batting: LHB Billy Fink
|
0-0: Ball 1-0: Fly out, F7 (Flyball, 7LM, EV 96.3 MPH)
|
|
Batting: LHB David Nix
|
0-0: Ball 1-0: SOLO HOME RUN (Flyball, 78XD, EV 93.1 MPH), Distance : 419 ft
|
| Bottom of the 12th over - 1 run, 1 hit, 0 errors, 0 left on base; Butte 2 - Bozeman 3 |
|